 Dungeon Sprint DCSS version 0.29-a0-824-gd827844252 (webtiles) character file.

Game seed: 5137600640882081091

1240 Ayihk420 the Cleaver (level 8, -1/83 HPs)
             Began as a Minotaur Berserker on July 9, 2022.
             Was a Priest of Trog.
             Slain by a demonic crawler (6 damage)
             ... in the Dungeon (Sprint I: "Red Sonja").
             The game lasted 00:03:30 (1766 turns).

Ayihk420 the Cleaver (Minotaur Berserker)           Turns: 1766, Time: 00:03:32

Health: -1/83      AC: 10    Str: 22    XL:     8   Next: 25%
Magic:  7/7        EV: 13    Int:  4    God:    Trog [***...]
Gold:   366        SH:  0    Dex: 12    Spells: 7/7 levels left

rFire   . . .      SeeInvis .   a - +0 hand axe
rCold   . . .      Faith    .   (no shield)
rNeg    . . .      Spirit   .   k - +0 scale mail
rPois   .          Reflect  .   (helmet restricted)
rElec   .          Harm     .   (no cloak)
rCorr   .          Rampage  .   (no gloves)
Will    .....      NoTele   +   g - +0 pair of boots
Stlth   ..........              (no amulet)
HPRegen 0.23/turn               (no ring)
MPRegen 0.10/turn               (no ring)

@: on berserk cooldown, slowed, very slow
A: horns 2, retaliatory headbutt
a: Renounce Religion, Berserk, Trog's Hand


You were in the Dungeon.
You worshipped Trog.
Trog was most pleased with you.
You visited 1 branch You collected 411 gold pieces.
You spent 45 gold pieces at shops.

Inventory:

Hand Weapons
 a - a +0 hand axe (weapon)
Armour
 g - a +0 pair of boots (worn)
 k - a +0 scale mail (worn)
Wands
 i - a wand of polymorph (9)
Scrolls
 b - a scroll of identify {unknown}
 h - a scroll of blinking
Potions
 d - a potion of heal wounds
 e - a potion of haste
 f - 2 potions of magic
 j - a potion of degeneration {unknown}


   Skills:
 + Level 12.1 Fighting
 + Level 13.7 Axes
 + Level 10.4 Armour
 + Level 7.5 Dodging
 + Level 0.5 Stealth


You had 7 spell levels left.
You didn't know any spells.
Your spell library was empty.

Dungeon Overview and Level Annotations

Branches:
Dungeon (1/1)

Altars:
Cheibriados
Dithmenos
Elyvilon
Fedhas
Gozag
Hepliaklqana
Kikubaaqudgha
Makhleb
Nemelex Xobeh
Okawaru
Qazlal
Ru
Sif Muna
Trog
Uskayaw
Vehumet
Wu Jian
Xom
Yredelemnul
Zin
The Shining One
Jiyva
Lugonu

Shops:
D *


Innate Abilities, Weirdness & Mutations

You have a pair of horns on your head.
You reflexively headbutt those who attack you in melee.


Message History

You hit the demonic crawler but do no damage.
Your headbutt misses the demonic crawler.
You hit the demonic crawler but do no damage.
Something unseen opens the door.
The demonic crawler hits you! The demonic crawler closely misses you.
The demonic crawler barely misses you.
The demonic crawler hits you but does no damage.
The demonic crawler hits you. The demonic crawler misses you.
A gargoyle comes into view. It is wielding a +0 flail.
The demonic crawler barely misses you. You furiously retaliate!
You headbutt the demonic crawler!
The demonic crawler hits you but does no damage.
The demonic crawler hits you.
The demonic crawler shrieks in warning!
The demonic crawler hits you! The demonic crawler hits you.
The demonic crawler completely misses you.
The demonic crawler shrieks in warning!
The demonic crawler barely misses you.
The demonic crawler completely misses you.
The demonic crawler hits you.
The demonic crawler shrieks in warning!
The demonic crawler hits you but does no damage.
The demonic crawler barely misses you. The demonic crawler hits you.
* * * LOW HITPOINT WARNING * * *
You hear a shout!
Things that are here:
a +0 dagger; a +0 robe; a kobold corpse The demonic crawler barely misses you.
The demonic crawler hits you.
* * * LOW HITPOINT WARNING * * *
The demonic crawler hits you but does no damage.
The demonic crawler closely misses you. The demonic crawler hits you!
* * * LOW HITPOINT WARNING * * *
The demonic crawler closely misses you.
There is an open door, spattered with blood here.
You feel better. The demonic crawler hits you!
* * * LOW HITPOINT WARNING * * *
The demonic crawler misses you. The demonic crawler barely misses you.
The demonic crawler completely misses you.
The demonic crawler hits you but does no damage.
The demonic crawler hits you.
You die...

#####################
['))#..'..#__#..@ss.#
.#..'..#..'..'..#s9.#
###'#####'#__####..s'..#
##..#...#.#### #####..+
_####..##.# '##
____##'#_.+ ○
.∩...'..._# .○
..__##_.#+# .. ____###+#
..#


You could see 4 demonic crawlers and a gargoyle.

Vanquished Creatures
  2 kobold demonologists (D)
  A slime creature (D)
  Sigmund (D)
  A yak (D)
  A floating eye (D)
  An ogre (D)
  A jelly (D)
  Ijyb (D)
9 creatures vanquished.

Notes
Turn   | Place    | Note
-------+----------+-------------------------------------------
     0 | D        | Ayihk420 the Minotaur Berserker began the quest for the
                  | Orb.
     0 | D        | Reached XP level 1. HP: 19/19 MP: 0/0
     8 | D        | Noticed Ijyb
    13 | D        | Killed Ijyb
    14 | D        | Reached skill level 5 in Fighting
    14 | D        | Reached skill level 5 in Axes
    14 | D        | Reached XP level 2. HP: 29/29 MP: 1/1
   283 | D        | Noticed an ogre
   287 | D        | Killed an ogre
   288 | D        | Reached skill level 8 in Axes
   288 | D        | Reached XP level 3. HP: 39/39 MP: 2/2
   288 | D        | Reached XP level 4. HP: 47/47 MP: 3/3
   311 | D        | Noticed Sigmund
   345 | D        | Killed Sigmund
   345 | D        | Reached ** piety under Trog
   346 | D        | Reached skill level 10 in Axes
   346 | D        | Reached skill level 5 in Armour
   346 | D        | Reached XP level 5. HP: 39/57 MP: 4/4
   611 | D        | Found an ornate altar of the Wu Jian Council.
   611 | D        | Found a shimmering blue altar of Sif Muna.
   613 | D        | Found a radiant altar of Vehumet.
   618 | D        | Reached skill level 5 in Dodging
   618 | D        | Reached XP level 6. HP: 62/66 MP: 5/5
   642 | D        | Found Cunuda's General Store.
   642 | D        | Found an ancient bone altar of Kikubaaqudgha.
   642 | D        | Found a hazy altar of Hepliaklqana.
   642 | D        | Found a stormy altar of Qazlal.
   642 | D        | Found a hide-covered altar of Uskayaw.
   642 | D        | Found a blossoming altar of Fedhas.
   642 | D        | Found a bloodstained altar of Trog.
   642 | D        | Found an iron altar of Okawaru.
   642 | D        | Found a basalt altar of Yredelemnul.
   642 | D        | Found a glowing golden altar of the Shining One.
   642 | D        | Found a snail-covered altar of Cheibriados.
   642 | D        | Found a sacrificial altar of Ru.
   642 | D        | Found a glowing silver altar of Zin.
   642 | D        | Found a shadowy altar of Dithmenos.
   642 | D        | Found a white marble altar of Elyvilon.
   642 | D        | Noticed a yak
   653 | D        | Killed a yak
   654 | D        | Reached skill level 10 in Fighting
   654 | D        | Reached skill level 11 in Axes
   657 | D        | Found an opulent altar of Gozag.
  1086 | D        | Found a sparkling altar of Nemelex Xobeh.
  1100 | D        | Bought a +0 pair of boots for 45 gold pieces
  1218 | D        | Found a burning altar of Makhleb.
  1218 | D        | Found a viscous altar of Jiyva.
  1218 | D        | Found a shimmering altar of Xom.
  1218 | D        | Found a corrupted altar of Lugonu.
  1218 | D        | Noticed a slime creature
  1232 | D        | Killed a slime creature
  1233 | D        | Reached skill level 12 in Axes
  1233 | D        | Reached XP level 7. HP: 11/74 MP: 6/6
  1743 | D        | Noticed a kobold demonologist
  1743 | D        | Noticed a kobold demonologist
  1745 | D        | Reached *** piety under Trog
  1750 | D        | Killed a kobold demonologist
  1751 | D        | Reached skill level 13 in Axes
  1753 | D        | Killed a kobold demonologist
  1754 | D        | Reached skill level 10 in Armour
  1754 | D        | Reached XP level 8. HP: 83/83 MP: 7/7
  1758 | D        | Noticed a demonic crawler
  1758 | D        | Noticed a demonic crawler
  1758 | D        | Noticed a demonic crawler
  1758 | D        | Noticed a demonic crawler
  1763 | D        | Noticed a gargoyle
  1766 | D        | Slain by a demonic crawler

Illustrated notes

Levels and vault maps discovered:
D:        dungeon_sprint_1 [red_sonja_temple_1, red_sonja_temple_small_1]

Skill      XL: |  1  2  3  4  5  6  7 |
---------------+----------------------+-----
Fighting       | 5 7 9 11 12 | 12.1
Axes           | 5 8 10 12 13 | 13.7
Armour         | 3 4 5 6 8 10 | 10.4
Dodging        | 3 4 5 6 7 |  7.5
Stealth        | |  0.5

Action                   |  1- 3 |  4- 6 |  7- 9 || total
-------------------------+-------+-------+-------++-------
Melee: Hand axe          |     6 |    35 |    12 ||    53
       Headbutt          |     2 |     7 |     3 ||    12
       Unarmed           |     1 |       |       ||     1
Invok: Berserk           |     2 |     2 |     1 ||     5
  Use: Potion            |       |     1 |     1 ||     2
Armor: Scale mail        |       |     5 |     8 ||    13
Dodge: Dodged            |     2 |    13 |    17 ||    32

Table legend: (Time is in decaauts)
 A = Elapsed time spent in this place.
 B = Non-inter-level travel time spent in this place.
 C = Inter-level travel time spent in this place.
 D = Time resting spent in this place.
 E = Time spent auto-exploring this place.
 F = Levels seen in this place.
 G = Mean time per level.
                   A        B        C        D        E       F      G
               +--------+--------+--------+--------+--------+-----+--------+
         Total |   1813 |   1813 |      0 |   1593 |      0 |   1 | 1813.0 |
       Dungeon |   1813 |   1813 |      0 |   1593 |      0 |   1 | 1813.0 |
               +--------+--------+--------+--------+--------+-----+--------+

Top non-repeatable levels by time:
       D: 1813 daAuts
